 Dungeon Crawl Stone Soup version 0.30-a0-748-ge6a52f7cba (webtiles) character file.

Game seed: 1620330519777702998

358 funkygono the Firebug (level 6, -6/32 HPs)
             Began as a Gargoyle Fire Elementalist on Feb 8, 2023.
             Was an Initiate of Vehumet.
             Mangled by a yak (13 damage)
             ... on level 4 of the Dungeon.
             The game lasted 00:06:58 (5401 turns).

funkygono the Firebug (Gargoyle Fire Elementalist)  Turns: 5401, Time: 00:06:59

Health: -6/32      AC:  6    Str: 12    XL:     6   Next: 64%
Magic:  3/12       EV: 12    Int: 17    God:    Vehumet [......]
Gold:   198        SH:  0    Dex: 10    Spells: 3/13 levels left

rFire   + . .      SeeInvis .    e - +3 whip
rCold   x . .      Faith    .    (no shield)
rNeg    + + .      Spirit   .    a - +0 robe
rPois   ∞          Reflect  .    (no helmet)
rElec   +          Harm     .    (no cloak)
rCorr   .          Rampage  .    (no gloves)
Will    .....                    (no boots)
Stlth   ++                       (no amulet)
HPRegen 0.25/turn                n - ring of Lout Kam {rPois rN+}
MPRegen 0.13/turn                u - ring of fire

@: very slightly contaminated
A: sickness immunity, AC +4, negative energy resistance 1, electricity
resistance, torment resistance 1, petrification resistance
a: Renounce Religion


You were on level 4 of the Dungeon.
You worshipped Vehumet.
Vehumet was noncommittal.
You visited 1 branch of the dungeon, and saw 5 of its levels.

You collected 198 gold pieces.

Inventory:

Hand Weapons
 b - a +4 quarterstaff of chaos
 e - a +3 whip (weapon)
Armour
 a - a +0 robe (worn)
 s - a +1 cloak of stealth
Jewellery
 n - the ring of Lout Kam (left hand) {rPois rN+}
   (You found it on level 3 of the Dungeon)

   [ring of positive energy]

   rPois:     It protects you from poison.
   rN:        It protects you from negative energy.
 u - a ring of fire (right hand)
Wands
 p - a wand of flame (25)
Scrolls
 d - 2 scrolls of amnesia
 m - 2 scrolls of teleportation
 q - a scroll of magic mapping
 t - a scroll of butterflies
Potions
 c - 4 potions of cancellation
 f - 2 potions of resistance {unknown}
 g - a potion of invisibility {unknown}
 h - a potion of mutation {unknown}
 i - a potion of brilliance {unknown}
 j - 2 potions of haste {unknown}
 k - a potion of lignification {unknown}
 l - a potion of degeneration {unknown}
 o - 3 potions of attraction
 v - a potion of ambrosia {unknown}
 w - a potion of heal wounds {unknown}


   Skills:
 + Level 0.1 Fighting
 + Level 0.3 Maces & Flails
 + Level 1.7 Dodging
 - Level 2.1 Stealth
 + Level 4.0 Spellcasting
 + Level 3.9 Conjurations
 + Level 4.7 Fire Magic


You had 3 spell levels left.
You knew the following spells:

 Your Spells              Type           Power      Damage    Failure   Level
a - Foxfire               Conj/Fire      100%       2x1d9     2%          1
b - Scorch                Fire           58%        2d8       3%          2
c - Kindle Blastsparks    Fire/Tloc/Air  26%        2d12      24%         3
d - Flame Wave            Conj/Fire      27%        2d9       26%         4

Your spell library contained the following spells:

 Spells                   Type           Power      Damage    Failure   Level
 Shock                    Conj/Air       40%        1d5       7%          1
 Beastly Appendage        Tmut           6%         N/A       16%         1
 Slow                     Hex            12%        N/A       16%         1
 Inner Flame              Hex/Fire       17%        N/A       19%         3
 Wereblood                Tmut           3%         N/A       24%         2
 Confusing Touch          Hex            3%         N/A       43%         3
 Spider Form              Tmut/Pois      3%         N/A       43%         3
 Swiftness                Air            3%         N/A       43%         3
 Vampiric Draining        Necr           3%         2d6       43%         3
 Airstrike                Air            1%         2d(1-17)  83%         4
 Petrify                  Tmut/Erth      3%         N/A       83%         4
 Summon Lightning Spire   Summ/Air       3%         N/A       83%         4
 Irradiate                Conj/Tmut      5%         3d13      89%         5
 Lightning Bolt           Conj/Air       5%         1d17      89%         5
 Sublimation of Blood     Necr           Unusable   N/A       N/A         2

Dungeon Overview and Level Annotations

Branches:
Dungeon (5/15)             Temple (0/1) D:4

Altars:
Okawaru
Vehumet
Wu Jian

Shops:
D:3 :


Innate Abilities, Weirdness & Mutations

You are immune to sickness and miasma.
Your stone body is resilient. (AC +4)
You are immune to poison.
You resist negative energy. (rN+)
You are resistant to electric shocks. (rElec)
You are resistant to unholy torment.
You are immune to petrification.


Message History

Confirm with . or Enter, or press ? or * to list all spells.
You feel a surge of power!
You miscast Scorch.
You are very lightly contaminated with residual magic.
Nothing appears to happen.
The foxfire hits the yak.
The yak is lightly wounded.
The foxfire hits the scorpion.
The scorpion is moderately wounded.
The scorpion stings you. The yak gores you! The scorpion closely misses you.
Unknown command.
Casting: Scorch (safe; 3% risk of failure)
Confirm with . or Enter, or press ? or * to list all spells.
You feel a surge of power!
You conjure some foxfire!
The yak barely misses you. The scorpion stings you.
Casting: Foxfire (safe; 2% risk of failure)
Confirm with . or Enter, or press ? or * to list all spells.
You feel a surge of power!
Flames lash the yak.
The yak is moderately wounded.
The yak's fire resistance burns away.
The foxfire hits the yak.
The yak is moderately wounded.
The foxfire hits the scorpion.
The scorpion is heavily wounded.
The yak barely misses you.
The scorpion stings you but does no damage.
Unknown command.
Casting: Scorch (safe; 3% risk of failure)
Confirm with . or Enter, or press ? or * to list all spells.
You feel a surge of power!
You conjure some foxfire!
The scorpion stings you. The yak gores you but does no damage.
Casting: Foxfire (safe; 2% risk of failure)
Confirm with . or Enter, or press ? or * to list all spells.
You feel a surge of power!
Flames lash the yak.
The yak is burned terribly!
The yak is heavily wounded.
The foxfire hits the scorpion!
The scorpion is almost dead.
The foxfire hits the yak!
The yak is burned terribly!
The yak is almost dead.
The scorpion stings you.
* * * LOW HITPOINT WARNING * * *
The yak gores you!
You die...

#.#.#†#..###'##..#
#.#.#[#..##...#..#
#.#.#.#..##...#..#
#.#......##...#..#
#.#<#....###.##..#
#.#.#....# #.##..#
#.#.#....# #.##..#
##########§#.###..###.#####
#.........@................
#.########sY......#########
#.# #.##..#..#~~~~~~~# #.#
#.##b.#.##~~~~~~~# #.#
#.##b.#..#..~~~..# #.#
#.##[.#..#...~b.(# #.#
#.##.b#..#b..b...# #.#
#.##..#.##.bbbb.b) #.#
#.##..#.##bbbbbbb#


You could see a yak (combustible) and a scorpion.

Vanquished Creatures
  A scorpion (D:4)
  Crazy Yiuf (D:3)
  An iguana (D:4)
  Natasha (thrice) (D:2)
  A gnoll (D:4)
  7 adders
  3 dart slugs
  2 orcs (D:3)
  9 endoplasms
  2 giant cockroaches (D:1)
  12 hobgoblins
  2 jackals (D:1)
  3 quokkas
  13 ball pythons
  5 bats
  5 frilled lizards
  12 goblins
  7 kobolds
  4 rats
93 creatures vanquished.

Vanquished Creatures (others)
  280 foxfires
280 creatures vanquished.

Grand Total: 373 creatures vanquished

Notes
Turn   | Place    | Note
-------+----------+-------------------------------------------
     0 | D:1      | funkygono the Gargoyle Fire Elementalist began the quest
                  | for the Orb.
     0 | D:1      | Reached XP level 1. HP: 10/10 MP: 3/3
   205 | D:1      | Reached XP level 2. HP: 15/15 MP: 0/5
   309 | D:1      | Learned a level 2 spell: Scorch
   666 | D:1      | Reached XP level 3. HP: 19/19 MP: 3/6
   673 | D:1      | Learned a level 3 spell: Kindle Blastsparks
  2033 | D:2      | Reached XP level 4. HP: 24/24 MP: 2/8
  2122 | D:2      | Noticed Natasha
  2129 | D:2      | Killed Natasha
  2785 | D:2      | Noticed Natasha
  2789 | D:2      | Killed Natasha
  2790 | D:2      | Reached XP level 5. HP: 28/28 MP: 5/9
  2854 | D:2      | Noticed Natasha
  2860 | D:2      | Killed Natasha
  2949 | D:2      | Learned a level 4 spell: Flame Wave
  3052 | D:3      | Identified the ring of Lout Kam {rPois rN+}
  3060 | D:3      | Found Xaiski's Vocational Training.
  3339 | D:3      | Found a radiant altar of Vehumet.
  3370 | D:3      | Became a worshipper of Vehumet
  3577 | D:3      | Found a faded altar of an unknown god.
  3810 | D:3      | Found a runed translucent door.
  3811 | D:3      | Noticed Crazy Yiuf
  3819 | D:3      | Killed Crazy Yiuf
  4146 | D:4      | Found a staircase to the Ecumenical Temple.
  4324 | D:4      | Reached XP level 6. HP: 32/32 MP: 8/11
  4350 | D:4      | Found an ornate altar of the Wu Jian Council.
  4601 | D:4      | Identified the +1 spear "Orgha Niv" {venom, rPois Int+3
                  | Dex+3 Stlth+}
  5273 | D:5      | Entered Level 5 of the Dungeon
  5288 | D:5      | Found an iron altar of Okawaru.
  5290 | D:5      | Noticed a yak
  5291 | D:5      | Noticed a yak
  5293 | D:5      | Noticed a yak
  5401 | D:4      | Mangled by a yak

Illustrated notes

Levels and vault maps discovered:
D:1:      dpeg_arrival_shrine, layout_loops_ring, kennysheep_another_room
D:2:      layout_basic, uniq_natasha
D:3:      layout_loops_cross, vehumet_altar_wand_db,
          dreamdust_ecumenical_altar_statues, nicolae_shop_vocational,
          uniq_crazy_yiuf_cottage
D:4:      layout_basic, nzn_wu_jian_contemplation, minmay_temple_entry_trees,
          sigmund_army
D:5:      layout_loops_ring, grunt_temple_overflow_holy_war, okawaru_gym_becter,
          grunt_qazlal_clouds, gammafunk_ghost_abyssal_escape

Skill      XL: |  1  2  3  4  5  6 |
---------------+-------------------+-----
Spellcasting   | 3 4 |  4.0
Conjurations   | 2 3 |  3.9
Fire Magic     | 4 |  4.7
Fighting       | |  0.1
Maces & Flails | |  0.3
Dodging        | |  1.7
Stealth        | |  2.1

Action                     |  1- 3 |  4- 6 || total
---------------------------+-------+-------++-------
  Melee: Club              |    14 |       ||    14
         Whip              |     6 |     7 ||    13
   Cast: Foxfire           |    63 |    98 ||   161
         Scorch            |     4 |    12 ||    16
    Use: Scroll            |       |    10 ||    10
         Potion            |       |     1 ||     1
 Armour: Robe              |     9 |    14 ||    23
  Dodge: Dodged            |    34 |    27 ||    61

Table legend: (Time is in decaauts)
 A = Elapsed time spent in this place.
 B = Non-inter-level travel time spent in this place.
 C = Inter-level travel time spent in this place.
 D = Time resting spent in this place.
 E = Time spent auto-exploring this place.
 F = Levels seen in this place.
 G = Mean time per level.
                   A        B        C        D        E       F      G
               +--------+--------+--------+--------+--------+-----+--------+
         Total |   5410 |   5198 |    212 |    186 |   4231 |   5 | 1082.0 |
       Dungeon |   5410 |   5198 |    212 |    186 |   4231 |   5 | 1082.0 |
               +--------+--------+--------+--------+--------+-----+--------+

Top non-repeatable levels by time:
     D:2: 1577 daAuts
     D:1: 1427 daAuts
     D:4: 1407 daAuts
     D:3: 962 daAuts
     D:5: 36 daAuts
